 Dungeon Crawl Stone Soup version 0.25-a0-479-g8579842fd4 (webtiles) character file.

Game seed: 2338880173449155376, levelgen mode: deterministic

424 Esekla the Magician (level 6, -13/32 HPs)
             Began as a Deep Elf Wizard on Feb 9, 2020.
             Mangled by an ogre
             ... wielding a +0 giant club
              (22 damage)
             ... on level 4 of the Dungeon.
             The game lasted 00:33:09 (3706 turns).

Esekla the Magician (Deep Elf Wizard)               Turns: 3706, Time: 00:33:10

Health: -13/32     AC:  4    Str:  6    XL:     6   Next: 64%
Magic:  16/18      EV: 13    Int: 23    God:
Gold:   115        SH:  0    Dex: 13    Spells: 10/19 levels left

rFire    . . .     SeeInvis .   c - +1 dagger (venom)
rCold    . . .     Gourm    .   (no shield)
rNeg     . . .     Faith    .   k - +0 leather armour (curse)
rPois    .         Spirit   .   b - +0 hat
rElec    .         Reflect  .   z - +0 cloak
rCorr    .         Harm     .   (no gloves)
MR       .....                  (no boots)
Stlth    ++........             (no amulet)
HPRegen  0.10/turn              (no ring)
MPRegen  0.16/turn              (no ring)

@: very slightly contaminated
A: no striking features
a: no special abilities


You were on level 4 of the Dungeon.
You were hungry.

You visited 1 branch of the dungeon, and saw 4 of its levels.

You collected 115 gold pieces.

Inventory:

Hand Weapons
 c - a +1 dagger of venom (weapon)
 t - a +3 dagger
Missiles
 q - 5 boomerangs
 r - 4 poisoned darts (quivered)
Armour
 a - a +0 robe
 b - a +0 hat (worn)
 k - a cursed +0 leather armour (worn)
 z - a +0 cloak (worn)
Wands
 y - a wand of flame (16)
Scrolls
 f - a scroll of amnesia {unknown}
 i - a scroll of magic mapping
 m - a scroll of remove curse
 o - a scroll of enchant armour {unknown}
 s - 2 scrolls of teleportation {unknown}
 x - a scroll of identify {unknown}
Potions
 e - a potion of mutation {unknown}
 g - 5 potions of heal wounds {unknown}
 h - 2 potions of berserk rage {unknown}
 j - 2 potions of flight {unknown}
 l - a potion of magic {unknown}
 p - a potion of ambrosia {unknown}
 u - a potion of lignification {unknown}
 v - a potion of curing {unknown}
 w - 3 potions of degeneration {unknown}
Comestibles
 d - 6 rations


   Skills:
 * Level 1.5 Short Blades
 + Level 0.1 Armour
 * Level 4.0 Dodging
 - Level 2.4 Stealth
 * Level 7.2 Spellcasting
 + Level 2.0 Conjurations
   Level 1.1 Summonings
 * Level 2.1 Translocations
 * Level 2.0 Fire Magic
 * Level 1.3 Air Magic
 * Level 1.6 Poison Magic


You had 10 spell levels left.
You knew the following spells:

 Your Spells              Type           Power        Failure   Level  Hunger
a - Magic Dart            Conj           ###.         4%          1    None
b - Blink                 Tloc           N/A          8%          2    None
c - Mephitic Cloud        Conj/Pois/Air  ###.....     17%         3    None
f - Conjure Flame         Conj/Fire      ###.....     16%         3    None

Your spell library contained the following spells:

 Spells                   Type           Power        Failure   Level  Hunger
 Call Imp                 Summ           ##......     12%         2    None
 Slow                     Hex            #.......     19%         2    None


Dungeon Overview and Level Annotations

Branches:
Dungeon (4/15)
 Temple: D:4-7

Altars:
Cheibriados
Fedhas
Qazlal
Zin


Message History

The ogre is lightly wounded.
The ogre hits you with a +0 giant club!
Casting: Magic Dart (safe; 4% risk of failure)
Confirm with . or Enter, or press ? or * to list all spells.
Aiming: Mephitic Cloud (safe; 17% risk of failure)
Press: ? - help, Shift-Dir - straight line, f/p - ogre
Aim: an ogre, wielding a +0 giant club (moderately wounded, very poisoned)
You miscast Mephitic Cloud.
You are very lightly contaminated with residual magic.
Nothing appears to happen.
You barely miss the ogre.
The ogre is moderately wounded.
The ogre hits you with a +0 giant club!
* * * LOW HITPOINT WARNING * * *
The ogre looks more healthy.
You hit the ogre.
The ogre is heavily wounded.
The ogre hits you with a +0 giant club!!
Ouch! That really hurt!
You die...

##### #.#
#.#.# ....#
#.# #.#.#
...[# #.#
#...# ....#
#.# #####
....########
#.#
...........#
#.#
...........#
#.#
...........#
#.#
...........#
#@#
(....<.....#
#O#
####.......#
#.#
.....<####.#
#.# #######
# #.# #
#.### #
#...## . .#
##.#..# .
...##.PP#.#


You could see an ogre.

Vanquished Creatures
  A hound (D:4)
  Crazy Yiuf (D:2)
  3 orc wizards (D:3)
  Jessica (D:2)
  3 worker ants
  3 gnolls (D:3)
  5 adders
  3 oozes
  3 worms
  8 orcs (D:3)
  A giant cockroach (D:2)
  7 goblins
  11 hobgoblins
  7 jackals
  2 quokkas (D:3)
  A ball python (D:3)
  7 bats
  7 frilled lizards
  14 kobolds
  7 rats
95 creatures vanquished.

Notes
Turn   | Place    | Note
-------+----------+-------------------------------------------
     0 | D:1      | Esekla the Deep Elf Wizard began the quest for the Orb.
     0 | D:1      | Reached XP level 1. HP: 10/10 MP: 7/7
   214 | D:1      | Reached skill level 5 in Spellcasting
   214 | D:1      | Reached XP level 2. HP: 15/15 MP: 3/10
   227 | D:1      | Learned a level 2 spell: Blink
   764 | D:1      | Reached XP level 3. HP: 15/19 MP: 4/12
  1381 | D:2      | Found a runed translucent door.
  1410 | D:2      | Noticed Crazy Yiuf
  1466 | D:3      | Reached skill level 6 in Spellcasting
  1764 | D:3      | Learned a level 3 spell: Mephitic Cloud
  1768 | D:3      | Learned a level 3 spell: Conjure Flame
  1797 | D:3      | Reached XP level 4. HP: 24/24 MP: 11/14
  1939 | D:3      | You fall into a shaft and drop 1 floor!
  1940 | D:4      | Noticed a phantom
  2152 | D:3      | Reached XP level 5. HP: 20/28 MP: 11/16
  2159 | D:3      | Reached skill level 1 in Short Blades
  2463 | D:3      | Reached skill level 1 in Air Magic
  2463 | D:3      | Reached skill level 1 in Poison Magic
  2476 | D:3      | Reached skill level 1 in Fire Magic
  2588 | D:3      | Found a glowing silver altar of Zin.
  2843 | D:2      | Found a snail-covered altar of Cheibriados.
  2914 | D:2      | Noticed Jessica
  2921 | D:2      | Killed Jessica
  2921 | D:2      | Reached XP level 6. HP: 28/32 MP: 13/17
  2933 | D:2      | Reached skill level 7 in Spellcasting
  3490 | D:2      | Killed Crazy Yiuf
  3654 | D:4      | Found a blossoming altar of Fedhas.
  3659 | D:4      | Found a stormy altar of Qazlal.
  3706 | D:4      | Mangled by an ogre

Levels and vault maps discovered:
D:1:      lemuel_arrival_room, layout_basic, minmay_split_cup_small
D:2:      layout_basic, cheibriados_altar_1, minmay_circle_x,
          uniq_crazy_yiuf_cottage, uniq_jessica
D:3:      layout_rooms, old_standard_altar, first_ration
D:4:      layout_basic, grunt_temple_overflow_forces_of_nature,
          minmay_misc_feat_square, kennysheep_generic_room_7, uniq_menkaure

Skill      XL: |  1  2  3  4  5  6 |
---------------+-------------------+-----
Spellcasting   | 5 6 7 |  7.2
Dodging        | 3 4 |  4.0
Short Blades   | 1 |  1.5
Air Magic      | 1 |  1.3
Poison Magic   | 1 |  1.6
Fire Magic     | 1 2 |  2.0
Translocations | 2 |  2.1
Conjurations   | 2 |  2.0
Armour         | |  0.1
Stealth        | |  2.4
Summonings     | |  1.1

Action                   |  1- 3 |  4- 6 || total
-------------------------+-------+-------++-------
Melee: Dagger            |    52 |   101 ||   153
Throw: Dart              |       |    10 ||    10
 Cast: Magic Dart        |    65 |    72 ||   137
       Mephitic Cloud    |       |     6 ||     6
       Blink             |       |     3 ||     3
  Use: Scroll            |       |     3 ||     3
 Stab: Sleeping          |     5 |     3 ||     8
       Confused          |       |     1 ||     1
  Eat: Chunk             |     2 |     6 ||     8
Armor: Robe              |    15 |     6 ||    21
       Leather armour    |       |     2 ||     2
Dodge: Dodged            |    57 |    80 ||   137

Table legend:
 A = Non-vault XP
 B = Vault XP
 C = Vault XP percentage of total XP
 D = Non-vault monster count
 E = Vault monster count
 F = Vault count percentage of total count
                 A         B        C        D         E       F
            +---------+---------+-------+---------+---------+-------
      Total |     500 |     107 |  17.6 |      86 |       9 |   9.5
            +---------+---------+-------+---------+---------+-------
        D:1 |      37 |       6 |  14.0 |      22 |       3 |  12.0
        D:2 |     110 |     101 |  47.9 |      28 |       6 |  17.6
        D:3 |     244 |       0 |   0.0 |      33 |       0 |   0.0
        D:4 |     109 |       0 |   0.0 |       3 |       0 |   0.0
            +---------+---------+-------+---------+---------+-------
